 Dungeon Crawl Stone Soup version 0.30.1-11-g7821555f0a (webtiles) character file.

Game seed: 1060621549372747687

329826 Peloso the Hoplite (level 20, -4/184 (195) HPs)
             Began as a Minotaur Fighter on Dec 27, 2023.
             Was the Champion of Okawaru.
             Killed from afar by an ironbound frostheart (19 damage)
             ... by creeping frost
             ... on level 4 of the Vaults on Dec 28, 2023.
             The game lasted 02:37:13 (55883 turns).

Peloso the Hoplite (Minotaur Fighter)              Turns: 55883, Time: 02:37:14

HP:   -4/184 (195)  AC: 39    Str: 30    XL:     20   Next: 83%
MP:   22/22         EV: 18    Int: 12    God:    Okawaru [******]
Gold: 7405          SH: 20    Dex: 20    Spells: 19/19 levels left

rFire   + . .        a - +9 double sword (heavy)
rCold   + . .        d - +1 kite shield {AC+3}
rNeg    . . .        M - +5 plate armour of Lifelessness {rPois rC+ Stlth+}
rPois   +            B - +0 hat "Arepofuo" {rElec rF+}
rElec   +            r - +1 cloak {rPois}
rCorr   +            W - +2 pair of gloves {Stlth+}
SInv    +            H - +1 pair of boots {Fly}
Will    +++..        D - amulet of Pezef {Faith Int+2 Dex+4}
Stlth   ++           z - ring of Jaebb {Will+ rCorr Str+6 Int+3}
HPRegen 0.50/turn    K - ring "Woclipp" {Will+ Int+2 SInv}
MPRegen 0.18/turn

%: faith
@: heroic, frozen, flying, studying Spellcasting, drained, very slow
A: horns 2, retaliatory headbutt
}: 2/15 runes: decaying, serpentine
a: Renounce Religion, Heroism, Finesse, Duel


You were on level 4 of the Vaults.
You worshipped Okawaru.
Okawaru was exalted by your worship.
You visited 8 branches of the dungeon, and saw 38 of its levels.
You also visited: Trove, Bailey and Ice Cave.

You collected 7713 gold pieces.
You spent 308 gold pieces at shops.

Inventory:

Hand Weapons
 a - a +9 heavy double sword (weapon)
 b - a +3 scimitar of flaming
 c - the +11 scimitar of Okawaru's Hatred {holy, rN+++ Dex-4 SInv Stlth-}
   (Okawaru gifted it to you on level 2 of the Vaults)

   Dex:       It affects your dexterity (-4).
   rN:        It renders you almost immune to negative energy.
   SInv:      It lets you see invisible.
   Stlth:     It makes you less stealthy.
 S - the +8 falchion "Xiso" {antimagic, rElec rPois}
   (You found it on level 15 of the Dungeon)

   rElec:     It insulates you from electricity.
   rPois:     It protects you from poison.
Armour
 d - a +1 kite shield of protection (worn)
 r - a +1 cloak of poison resistance (worn)
 t - +0 swamp dragon scales
 u - a +3 plate armour of poison resistance
 B - the +0 hat "Arepofuo" (worn) {rElec rF+}
   (Okawaru gifted it to you on level 1 of the Vaults)

   rF:        It protects you from fire.
   rElec:     It insulates you from electricity.
 E - a +0 hat of willpower
 H - a +1 pair of boots of flying (worn)
 I - a +1 plate armour of cold resistance
 M - the +5 plate armour of Lifelessness (worn) {rPois rC+ Stlth+}
   (You took it off a deep elf blademaster on level 3 of the Elven Halls)

   rC:        It protects you from cold.
   rPois:     It protects you from poison.
   Stlth:     It makes you more stealthy.
 W - a +2 pair of gloves of stealth (worn)
Jewellery
 f - an amulet of guardian spirit
 o - a ring of resist corrosion
 y - the ring of Lady Luck {Drain Fly rElec rPois Stlth+}
   (You found it in a treasure trove)

   [ring of poison resistance]

   rElec:     It insulates you from electricity.
   rPois:     It protects you from poison.
   Fly:       It grants you flight.
   Drain:     It drains your maximum health when unequipped.
   Stlth:     It makes you more stealthy.
 z - the ring of Jaebb (left hand) {Will+ rCorr Str+6 Int+3}
   (You found it in a treasure trove)

   [ring of strength]

   Str:       It affects your strength (+6).
   Int:       It affects your intelligence (+3).
   rCorr:     It protects you from acid and corrosion.
   Will:      It increases your willpower.
 C - an amulet of regeneration
 D - the amulet of Pezef (around neck) {Faith Int+2 Dex+4}
   (You found it in a treasure trove)

   [amulet of faith]

   It allows you to gain divine favour quickly.
   Int:       It affects your intelligence (+2).
   Dex:       It affects your dexterity (+4).
 F - an amulet of reflection
 K - the ring "Woclipp" (right hand) {Will+ Int+2 SInv}
   (You found it in a treasure trove)

   [ring of see invisible]

   Int:       It affects your intelligence (+2).
   SInv:      It lets you see invisible.
   Will:      It increases your willpower.
 P - a +4 ring of slaying
 X - the ring "Golig" {Int+3 Dex+6}
   (You found it in an ice cave)

   [ring of dexterity]

   Int:       It affects your intelligence (+3).
   Dex:       It affects your dexterity (+6).
 Y - an amulet of the acrobat
Wands
 w - a wand of digging (8)
 x - a wand of roots (8)
 L - a wand of flame (1)
Scrolls
 h - 9 scrolls of fear
 k - 11 scrolls of teleportation
 l - 7 scrolls of poison
 m - 6 scrolls of magic mapping
 p - 3 scrolls of blinking
 s - a scroll of acquirement
 R - 3 scrolls of fog
 U - 16 scrolls of identify
 V - 3 scrolls of immolation
 Z - a scroll of amnesia
Potions
 e - 9 potions of haste
 g - a potion of berserk rage
 i - 4 potions of resistance
 j - 7 potions of might
 n - a potion of magic
 q - 2 potions of ambrosia {unknown}
 v - 14 potions of flight
 A - 3 potions of invisibility
 G - 4 potions of heal wounds
 J - 12 potions of curing
 N - 3 potions of mutation
 O - 2 potions of brilliance
 Q - 3 potions of cancellation
Miscellaneous
 T - a phial of floods


   Skills:
 + Level 20.7(25.7) Fighting
 + Level 21.1(26.1) Long Blades
 + Level 2.4(7.4) Polearms
 + Level 19.0(24.0) Armour
 + Level 10.8(15.8) Dodging
 + Level 4.1(9.1) Stealth
 + Level 26.2(27) Shields
 + Level 4.3 Invocations
 + Level 2.2 Evocations


You had 19 spell levels left.
You didn't know any spells.
Your spell library contained the following spells:

 Spells                   Type           Power      Damage    Failure   Level
 Apportation              Tloc           0%         N/A       71%         1
 Foxfire                  Conj/Fire      0%         2x1d4     71%         1
 Freeze                   Ice            0%         1d3       71%         1
 Kiss of Death            Conj/Necr      0%         2d5       71%         1
 Magic Dart               Conj           0%         1d3       71%         1
 Necrotise                Necr           0%         1d4       71%         1
 Sandblast                Erth           0%         2d4       71%         1
 Shock                    Conj/Air       0%         1d3       71%         1
 Slow                     Hex            0%         N/A       71%         1
 Sting                    Tmut/Pois      0%         1d3       71%         1
 Lesser Beckoning         Tloc           0%         N/A       85%         2
 Searing Ray              Conj           0%         2d4       85%         2
 Confusing Touch          Hex            0%         N/A       97%         3
 Frozen Ramparts          Ice            0%         1d1       97%         3
 Gell's Gravitas          Tloc           0%         N/A       97%         3
 Hailstorm                Conj/Ice       0%         3d3       97%         3
 Ignite Poison            Fire/Tmut/Pois 0%         N/A       97%         3
 Inner Flame              Hex/Fire       0%         N/A       97%         3
 Mephitic Cloud           Conj/Pois/Air  0%         N/A       97%         3
 Portal Projectile        Hex/Tloc       0%         N/A       97%         3
 Stone Arrow              Conj/Erth      0%         3d7       97%         3
 Swiftness                Air            0%         N/A       97%         3
 Teleport Other           Tloc           0%         N/A       97%         3
 Vampiric Draining        Necr           0%         2d6       97%         3
 Vhi's Electric Charge    Tloc/Air       0%         N/A       97%         3
 Airstrike                Air            0%         2d(0-16)  100%        4
 Flame Wave               Conj/Fire      0%         2d4       100%        4
 Fulminant Prism          Conj/Hex       0%         3d5       100%        4
 Leda's Liquefaction      Hex/Erth       0%         N/A       100%        4
 Manifold Assault         Tloc           0%         N/A       100%        4
 Olgreb's Toxic Radiance  Pois           0%         N/A       100%        4
 Sticky Flame             Conj/Fire      0%         2d3       100%        4
 Agony                    Necr           0%         N/A       100%        5
 Alistair's Intoxication  Tmut/Pois      0%         N/A       100%        5
 Borgnjor's Vile Clutch   Necr/Erth      0%         N/A       100%        5
 Fireball                 Conj/Fire      0%         3d3       100%        5
 Conjure Ball Lightning   Conj/Air       0%         3x3d6     100%        6
 Dispersal                Tloc           0%         N/A       100%        6
 Plasma Beam              Fire/Air       0%         2x1d11    100%        6
 Starburst                Conj/Fire      0%         6d3       100%        6
 Ozocubu's Refrigeration  Ice            0%         4d7       100%        7
 Borgnjor's Revivificati  Necr           0%         N/A       100%        8
 Discord                  Hex            0%         N/A       100%        8
 Disjunction              Tloc           0%         N/A       100%        8
 Ignition                 Fire           0%         3d3       100%        8
 Necromutation            Tmut/Necr      0%         N/A       100%        8
 Death's Door             Necr           0%         N/A       100%        9
 Polar Vortex             Ice            0%         N/A       100%        9
 Summon Small Mammal      Summ           Unusable   N/A       N/A         1
 Call Imp                 Summ           Unusable   N/A       N/A         2
 Call Canine Familiar     Summ           Unusable   N/A       N/A         3
 Simulacrum               Ice/Necr       Unusable   N/A       N/A         6
 Haunt                    Necr/Summ      Unusable   N/A       N/A         7

Dungeon Overview and Level Annotations

Branches:
Dungeon (15/15)            Temple (1/1) D:6            Lair (5/5) D:10
  Swamp (4/4) Lair:3        Snake (4/4) Lair:2        Slime (0/5) Lair:4
    Orc (2/2) D:11            Elf (3/3) Orc:2        Vaults (4/5) D:13
  Crypt (0/3) Vaults:2     Depths (0/4) D:15         Bailey (visited)
  IceCv (visited)

Altars:
Ashenzari
Cheibriados
Dithmenos
Fedhas
Hepliaklqana
Okawaru
Qazlal
Ru
Sif Muna
Trog
Uskayaw
Vehumet
Wu Jian
Yredelemnul
Zin
Jiyva

Shops:
D:1 :   D:8 !   Orc:2 (?!(   Elf:3 :   Snake:1 [   Snake:2 [   Snake:3 ?:

Annotations:
D:11 Casa
Swamp:1 2 runed translucent doors, laros's ghost, journeyman MiBe
Elf:2 5 runed translucent doors
Vaults:1 3 runed translucent doors, abarbat's ghost, adept MiBe
Vaults:2 1 runed translucent door


Innate Abilities, Weirdness & Mutations

You have a pair of horns on your head.
You reflexively headbutt those who attack you in melee.


Message History

You block the arrow. The deep troll bites you!
* * * LOW HITPOINT WARNING * * *
You block the deep troll's attack. The deep troll claws you!
* * * LOW HITPOINT WARNING * * *
The centaur warrior shoots an arrow.
The arrow hits you!
* * * LOW HITPOINT WARNING * * *
You slash the deep troll!
The deep troll is moderately wounded.
The centaur warrior shoots an arrow.
You block the arrow. The deep troll barely misses you.
You block the deep troll's attack. The deep troll misses you.
Unknown command.
You carve the deep troll like a ham!!!!
You kill the deep troll!
Okawaru accepts your kill. Okawaru grants you a weapon!
Something appears at your feet!
You see here the +2 trident of Anguish {venom, *Corrode rElec rF- Int+8}.
The centaur warrior shoots an arrow.
The arrow closely misses you.
The ironbound frostheart shouts!
The ironbound frostheart calls freezing cold from the walls.
The frost grips you but does no damage.
You are encased in ice.
The tengu reaver hits you but does no damage.
You feel drained. You block the tengu reaver's attack.
The tengu reaver claws you but does no damage.
Things that are here:
a +0 morningstar; a +0 scale mail You carve the tengu reaver like a turkey!!!
You headbutt the tengu reaver!
The tengu reaver is severely wounded.
You hear a shout!
The tengu reaver casts a spell at you. The bolt of fire misses you.
Unknown command.
The tengu reaver blocks your attack.
You headbutt the tengu reaver!
The tengu reaver is almost dead.
The ironbound frostheart calls freezing cold from the walls.
The frost grips you!! You resist.
You die...

......T..'.......'....#
......p..#.......#....#
###########Qc#.......#....#
#.........#cc#.......#....#
#.).......#.p#.......#....#
#.........#..#.......#....#
#..>......'..#.......#....#
#.........#..#)......#....#
#.........#..#@).....#....#
#.........#pcQ.......#....#
###########.c#########....#
.......................#
............................#
.......######+##......†.....#
.......#.......#............#
.......#.......#............#
.......#.......#............#


You could see a tengu reaver, a yaktaur captain (strong), an ironbound
frostheart and a centaur warrior (strong).

Vanquished Creatures
  Mara (Swamp:3)
  A shard shrike (IceCv)
  Bai Suzhen (Elf:3)
  Vashnia (Snake:4)
  Nikola (Swamp:3)
  Jorgrun (D:13)
  4 deep elf blademasters (Elf:3)
  3 deep elf master archers (Elf:3)
  Agnes (Elf:2)
  3 thorn hunters
  A sphinx (Vaults:2)
  An eldritch tentacle (Elf:1)
  Kirke (Snake:4)
  A revenant (Vaults:1)
  A tengu reaver (Vaults:1)
  6 nagarajas
  6 deep elf sorcerers
  A fenstrider witch (Swamp:3)
  Aizul (Snake:1)
  11 vault wardens
  The ghost of raetorn the Alchemist, a journeyman MfTm of Fedhas (Orc:2)
  2 curse skulls (Vaults:2)
  2 orc warlords
  4 deep elf elementalists (Elf:3)
  10 ironbound preservers
  3 ironbound thunderhulks
  A stone giant (D:15)
  4 very ugly things (Vaults:2)
  Nessos (Lair:4)
  3 war gargoyles
  A white draconian (IceCv)
  3 deep elf demonologists (Elf:3)
  2 deep elf annihilators (Elf:3)
  5 eleionomae
  2 bunyips
  4 deep elf death magi (Elf:3)
  3 crystal guardians
  2 fire dragons
  3 deep elf high priests
  3 great orbs of eyes
  22 hydras
  5 yaktaur captains
  A vault guard (Vaults:4)
  An ogre mage (D:15)
  2 death knights
  3 peacekeepers
  2 ghost crabs
  8 alligators
  9 boulder beetles
  3 catoblepae
  8 ironbound frosthearts
  An ice dragon (IceCv)
  22 centaur warriors
  15 dancing weapons
  9 anacondas
  3 tengu warriors (D:9)
  9 two-headed ogres
  5 naga warriors
  Urug (Lair:3)
  An orc high priest (Orc:1)
  A spriggan berserker (Swamp:4)
  12 naga sharpshooters
  4 shock serpents
  Nergalle (Lair:3)
  7 deep elf knights
  5 salamander mystics
  The ghost of ciphuk the Skirmisher, a novice TeHu of Dithmenos (D:9)
  Lodul (D:13)
  A fire crab (Lair:5)
  A spectral anaconda (Snake:3)
  4 skeletal warriors
  8 spriggan druids
  The ghost of Ijustatesigmund the Conjurer, a novice OpCj (D:7)
  3 goliath frogs
  3 skysharks
  20 deep trolls
  A glowing orange brain (Vaults:1)
  13 swamp dragons
  3 bog bodies
  A sea snake (Snake:1)
  An orange crystal statue (IceCv)
  5 wizards
  3 deep elf archers
  3 anaconda skeletons (Snake:3)
  12 lindwurms
  13 ironbound convokers
  A necromancer (Vaults:3)
  12 naga ritualists
  6 orc knights
  3 harpies (Vaults:1)
  10 mana vipers
  5 orc sorcerers (Orc:2)
  22 deep elf zephyrmancers
  32 ugly things
  20 deep elf pyromancers
  3 will-o-the-wisps
  12 cyclopes
  2 manticores
  11 salamanders
  A guardian serpent (Snake:4)
  2 moths of wrath (Swamp:2)
  16 elephants
  A human skeleton (Vaults:3)
  37 black mambas
  14 naga magi
  8 vault sentinels
  8 cane toads
  14 rime drakes
  A gargoyle (D:11)
  An efreet (D:14)
  2 unseen horrors
  An anaconda simulacrum (Snake:3)
  22 yaktaurs
  11 komodo dragons
  2 spectral nagas (Snake:3)
  24 polar bears
  8 trolls
  A sea snake skeleton (Snake:3)
  13 hornets
  11 tyrant leeches
  The ghost of vvlvvlvvl the Trooper, an amateur MfFi of Yredelemnul (D:4)
  3 meliai (D:9)
  35 blink frogs
  14 dream sheep
  13 slime creatures
  A centaur simulacrum (D:14)
  A slime creature (shapeshifter) (Vaults:3)
  3 air elementals
  3 shadows
  An ettin skeleton (Vaults:3)
  A jumping spider (Elf:1)
  2 wraiths
  6 wyverns
  24 spriggans
  29 yaks
  A hog (Snake:4)
  A vampire (D:10)
  4 fire elementals
  2 humans (Snake:4)
  A human (shapeshifter) (D:15)
  4 water elementals (Elf:2)
  3 steam dragons
  3 basilisks
  18 vampire mosquitoes
  2 sea snake simulacra (Snake:3)
  13 swamp worms
  2 spatial vortices (Elf:1)
  A human zombie (Vaults:3)
  33 nagas
  13 wargs
  14 water moccasins
  3 acid dragons
  2 guardian serpent simulacra (Snake:3)
  6 swamp drakes
  5 black bears
  A sky beast (D:7)
  3 ice beasts
  26 orc warriors
  4 boggarts (Lair:5)
  17 ogres
  42 wolves
  9 centaurs
  3 phantoms
  2 kobold brigands
  A bullfrog (shapeshifter) (Elf:2)
  6 scorpions
  12 bullfrogs
  5 gnoll sergeants
  A naga simulacrum (Snake:3)
  4 earth elementals
  A wight (D:8)
  6 killer bees (D:9)
  9 electric eels
  10 howler monkeys
  4 hounds
  2 gnoll boudas
  18 orc priests
  11 jellies
  An iguana (D:4)
  Ijyb (D:5)
  49 orc wizards
  A naga skeleton (Snake:3)
  7 adders
  18 gnolls
  2 ufetubi
  A dart slug (D:1)
  101 orcs
  4 bats
  21 endoplasms
  5 giant cockroaches
  10 goblins
  5 hobgoblins
  4 jackals
  20 kobolds
  3 quokkas
  9 ball pythons
  A frilled lizard (D:3)
  5 rats
  A fire vortex (Lair:1)
1435 creatures vanquished.

Vanquished Creatures (others)
  A hydra (Swamp:4)
  A spriggan druid (Swamp:4)
  2 ugly things (D:14)
  2 bloated husks (Swamp:2)
  A tyrant leech (Swamp:4)
  A swamp worm (Swamp:4)
  A swamp drake (Swamp:4)
  A spectral naga (Snake:3)
  2 kobolds (D:7)
  8 foxfires (Swamp:3)
20 creatures vanquished.

Grand Total: 1455 creatures vanquished

Notes
Turn   | Place    | Note
-------+----------+-------------------------------------------
     0 | D:1      | Peloso the Minotaur Fighter began the quest for the Orb.
     0 | D:1      | Reached XP level 1. HP: 19/19 MP: 0/0
    96 | D:1      | Reached XP level 2. HP: 27/27 MP: 1/1
   541 | D:1      | Reached skill level 4 in Shields
   755 | D:1      | Found Qiogit's Vocational Training.
   777 | D:1      | Reached XP level 3. HP: 32/33 MP: 2/2
  1143 | D:2      | You fall into a shaft and drop 1 floor!
  1175 | D:3      | Found an iron altar of Okawaru.
  1195 | D:3      | Became a worshipper of Warmaster Okawaru
  1251 | D:3      | Reached XP level 4. HP: 39/40 MP: 3/3
  1451 | D:3      | Reached skill level 1 in Dodging
  1458 | D:3      | Found a faded altar of an unknown god.
  1536 | D:3      | Identified the +7 whip of Dominance {elec, rPois rC+ Dex-3}
  1560 | D:3      | Found a faded altar of an unknown god.
  2587 | D:4      | Noticed a scorpion
  2597 | D:4      | Killed a scorpion
  2598 | D:4      | Reached XP level 5. HP: 42/46 MP: 4/4
  2622 | D:4      | Noticed a phantom
  2634 | D:4      | Killed a phantom
  2688 | D:4      | Reached skill level 5 in Long Blades
  2688 | D:4      | Reached skill level 5 in Armour
  2688 | D:4      | Reached XP level 6. HP: 53/53 MP: 5/5
  2835 | D:3      | Found a basalt altar of Yredelemnul.
  3126 | D:4      | Reached * piety under Okawaru
  3127 | D:4      | Reached skill level 5 in Fighting
  3128 | D:4      | Found a large runed translucent door.
  3128 | D:4      | Found a large runed translucent door.
  3132 | D:4      | Noticed vvlvvlvvl's ghost (amateur MfFi)
  3213 | D:4      | Reached XP level 7. HP: 53/61 MP: 6/6
  3370 | D:5      | Entered Level 5 of the Dungeon
  3378 | D:5      | Identified a scroll of acquirement
  3408 | D:5      | Reached skill level 5 in Shields
  3815 | D:5      | Noticed Ijyb
  3822 | D:5      | Killed Ijyb
  4041 | D:6      | Found a staircase to the Ecumenical Temple.
  4061 | Temple   | Entered the Ecumenical Temple
  4064 | Temple   | Reached skill level 1 in Evocations
  4064 | Temple   | Reached XP level 8. HP: 18/70 MP: 5/7
  4296 | Temple   | Reached skill level 1 in Invocations
  5295 | D:6      | Found a glowing silver altar of Zin.
  5802 | D:6      | Reached skill level 6 in Shields
  6180 | D:6      | Noticed a slime creature
  6202 | D:6      | Killed a slime creature
  6680 | D:7      | Reached XP level 9. HP: 78/78 MP: 8/8
  6686 | D:7      | Found a transporter.
  6699 | D:7      | Identified the +5 kite shield "Recugeus" {-Cast Str+6}
  6982 | D:7      | Reached ** piety under Okawaru
  7087 | D:7      | Identified the ring of Daolebb {Ice rElec SInv}
  7089 | D:7      | Found a transporter.
  7152 | D:7      | Found a large runed translucent door.
  7153 | D:7      | Found a large runed translucent door.
  7161 | D:7      | Reached skill level 10 in Long Blades
  7249 | D:7      | Identified the staff of air "Plog" {rElec Int-3 Dex+8 SInv}
  7333 | D:7      | Found a hazy altar of Hepliaklqana.
  7346 | D:7      | Found a sacrificial altar of Ru.
  7464 | D:8      | Killed an unseen horror
  7464 | D:8      | Reached *** piety under Okawaru
  7569 | D:8      | Found a flagged portal.
  7571 | D:8      | Identified the +1 whip "Dap Idell" {freeze, rElec Dex+3
                  | Stlth-}
  7676 | Bailey   | Entered a bailey
  7694 | Bailey   | Noticed an orc knight
  7726 | Bailey   | Killed an orc knight
  7762 | Bailey   | Reached XP level 10. HP: 88/88 MP: 9/9
  7953 | Bailey   | Reached skill level 7 in Shields
  8116 | D:8      | Found Rohecs's Distillery.
  8121 | D:8      | Bought a potion of heal wounds for 65 gold pieces
  8767 | D:9      | Reached **** piety under Okawaru
  8794 | D:9      | Noticed a two-headed ogre
  8798 | D:9      | Noticed a two-headed ogre
  8816 | D:9      | Killed a two-headed ogre
  8817 | D:9      | Reached skill level 8 in Shields
  8983 | D:9      | HP: 3/91 [meliai/+0 war axe (2)]
  9342 | D:9      | Noticed a tengu warrior
  9362 | D:9      | Killed a tengu warrior
  9363 | D:9      | Reached XP level 11. HP: 25/97 MP: 9/11
  9860 | D:9      | Killed a two-headed ogre
  9861 | D:9      | Reached skill level 10 in Armour
  9901 | D:9      | Noticed a brown ugly thing
  9916 | D:9      | Killed a brown ugly thing
  9942 | D:9      | Reached skill level 10 in Fighting
  9966 | D:9      | Reached skill level 9 in Shields
  9968 | D:9      | Reached ***** piety under Okawaru
 10271 | D:9      | Got Beegat's Treatise on Corruption and Silt
 10281 | D:9      | Identified the staff of poison "Ehiplaog" {rPois rC+ rN+
                  | Int+2 Dex-2}
 10352 | D:9      | Noticed a tengu warrior
 10364 | D:9      | Killed a tengu warrior
 10500 | D:9      | Found a large runed translucent door.
 10500 | D:9      | Found a large runed translucent door.
 10505 | D:9      | Noticed ciphuk's ghost (novice TeHu)
 10718 | D:9      | Identified the +4 battleaxe of Xashruorgh {venom, +Blink
                  | Will+ Dex+3}
 10718 | D:9      | Noticed a tengu warrior
 10732 | D:9      | Killed a tengu warrior
 10766 | D:9      | Identified the +1 long sword of Laex {heavy, *Corrode
                  | Dex+7}
 10766 | D:9      | Noticed a skeletal warrior
 10795 | D:9      | Killed a skeletal warrior
 10961 | D:10     | Entered Level 10 of the Dungeon
 11014 | D:10     | Noticed a two-headed ogre
 11025 | D:10     | Killed a two-headed ogre
 11026 | D:10     | Reached skill level 10 in Shields
 11029 | D:10     | Found a staircase to the Lair.
 11167 | D:10     | Found a broken altar of Ashenzari.
 11276 | D:10     | Reached XP level 12. HP: 107/108 MP: 12/12
 11390 | D:10     | Reached skill level 1 in Stealth
 11722 | D:11     | Noticed a two-headed ogre
 11727 | D:11     | Killed a two-headed ogre
 11779 | D:11     | Identified the +1 robe "Ishraggi" {+Inv rC++ MP-9}
 11887 | D:11     | Noticed a two-headed ogre
 11907 | D:11     | Received a gift from Okawaru
 12009 | D:11     | Reached skill level 11 in Shields
 12138 | D:11     | Killed a two-headed ogre
 12294 | D:11     | Found a staircase to the Orcish Mines.
 12875 | Lair:1   | Entered Level 1 of the Lair of Beasts
 13066 | Lair:1   | Reached skill level 5 in Dodging
 13477 | Lair:1   | Reached skill level 12 in Shields
 13637 | Lair:1   | Noticed a fire dragon
 13656 | Lair:1   | Killed a fire dragon
 13656 | Lair:1   | Received a gift from Okawaru
 14052 | Lair:2   | Reached XP level 13. HP: 111/118 MP: 13/13
 14236 | Lair:2   | Identified the +1 war axe of Cuminus {protect, Str+3 Int+2
                  | Dex-5}
 14272 | Lair:2   | Reached skill level 15 in Long Blades
 14311 | Lair:2   | Found the amulet of Elemental Vulnerability {rPois rF--
                  | rC-- AC+8}
 14325 | Lair:2   | Reached skill level 13 in Shields
 14564 | Lair:2   | Found a staircase to the Snake Pit.
 14818 | Lair:3   | Noticed Urug
 14826 | Lair:3   | Noticed Nergalle
 15065 | Lair:3   | Killed Urug
 15065 | Lair:3   | Received a gift from Okawaru
 15318 | Lair:3   | Found a staircase to the Swamp.
 15431 | Lair:3   | Reached skill level 1 in Polearms
 15488 | Lair:3   | Reached skill level 14 in Shields
 15552 | Lair:3   | Killed Nergalle
 16431 | D:12     | Identified the +4 hat of Indemnity {Contam rF+ rN+ Dex+2}
 16799 | Orc:1    | Entered Level 1 of the Orcish Mines
 16958 | Orc:2    | Entered Level 2 of the Orcish Mines
 16958 | Orc:2    | Noticed an orc warlord
 16958 | Orc:2    | Found a staircase to the Elven Halls.
 17285 | Orc:1    | Killed an orc warlord
 17511 | Orc:2    | Paralysed by an orc sorcerer for 4 turns
 17517 | Orc:2    | Reached XP level 14. HP: 103/129 MP: 13/15
 17549 | Orc:2    | Found Rora's Distillery.
 17549 | Orc:2    | Found Udopiskavann's Antique Weapon Shop.
 17725 | Orc:2    | Paralysed by an orc sorcerer for 2 turns
 17734 | Orc:2    | Reached skill level 15 in Shields
 17954 | Orc:2    | Found Romet's Magic Scroll Shop.
 17988 | Orc:2    | Found Zuuv's Weapon Emporium.
 18064 | Orc:2    | Noticed raetorn's ghost (journeyman MfTm)
 18067 | Orc:2    | Found a runed translucent door.
 18711 | D:4      | Killed vvlvvlvvl's ghost
 18924 | D:7      | Noticed Ijustatesigmund's ghost (novice OpCj)
 18949 | D:7      | Killed Ijustatesigmund's ghost
 19117 | D:9      | Killed ciphuk's ghost
 19917 | Orc:1    | You are sucked into a shaft and drop 1 floor!
 20304 | Lair:4   | Identified the +0 arbalest of Abomination {drain, rC+
                  | rN+++} (Okawaru gifted it to you on level 4 of the Lair of
                  | Beasts)
 20304 | Lair:4   | Received a gift from Okawaru
 20433 | Lair:4   | Identified the +5 falchion "Hatoamy" {freeze, Will+}
 20679 | Lair:4   | Found a staircase to the Slime Pits.
 20679 | Lair:4   | Found a viscous altar of Jiyva.
 20697 | Lair:4   | Reached skill level 16 in Shields
 20881 | Lair:4   | Noticed Nessos
 20892 | Lair:4   | Killed Nessos
 21156 | Lair:5   | Entered Level 5 of the Lair of Beasts
 21288 | Lair:5   | Identified the +5 bardiche of the Forest {freeze, Str+2
                  | Int+2}
 21479 | Lair:5   | Received a gift from Okawaru
 21917 | Lair:5   | Reached skill level 17 in Shields
 22096 | Lair:5   | Reached XP level 15. HP: 128/138 MP: 16/16
 22946 | D:13     | Noticed Jorgrun
 22968 | D:13     | Killed Jorgrun
 23057 | D:13     | Found a gate to the Vaults.
 23077 | D:13     | Identified the +3 demon trident "Omyriew" {venom, rPois
                  | Dex+4 SInv} (Okawaru gifted it to you on level 13 of the
                  | Dungeon)
 23077 | D:13     | Received a gift from Okawaru
 23262 | D:13     | Noticed Lodul
 23290 | D:13     | Killed Lodul
 23924 | D:14     | Reached skill level 18 in Shields
 23960 | D:14     | Received a gift from Okawaru
 24706 | D:15     | Entered Level 15 of the Dungeon
 24744 | D:15     | Reached skill level 15 in Fighting
 24769 | D:15     | Found a frozen archway.
 24786 | IceCv    | Entered an ice cave
 24923 | IceCv    | Received a gift from Okawaru
 25095 | IceCv    | Reached XP level 16. HP: 125/149 MP: 17/17
 25314 | IceCv    | Noticed a shard shrike
 25337 | IceCv    | Killed a shard shrike
 25346 | IceCv    | Reached skill level 19 in Shields
 25499 | IceCv    | Identified the ring "Golig" {Int+3 Dex+6}
 25697 | D:15     | Found a staircase to the Depths.
 25907 | D:15     | Identified the +8 falchion "Xiso" {antimagic, rElec rPois}
 26515 | Orc:2    | Killed raetorn's ghost
 26923 | Snake:1  | Entered Level 1 of the Snake Pit
 26969 | Snake:1  | Reached ****** piety under Okawaru
 27072 | Snake:1  | Noticed Aizul
 27088 | Snake:1  | Killed Aizul
 27188 | Snake:1  | Found Hima's Superior Scales.
 27726 | Snake:1  | Reached skill level 15 in Armour
 27802 | Snake:1  | Identified the +3 chain mail of the Endless Expanse {rPois
                  | Str+8 Dex-2} (Okawaru gifted it to you on level 1 of the
                  | Snake Pit)
 27802 | Snake:1  | Received a gift from Okawaru
 28405 | Elf:1    | Entered Level 1 of the Elven Halls
 28621 | Elf:1    | Found a radiant altar of Vehumet.
 28719 | Elf:1    | Paralysed by an air elemental for 1 turns
 28857 | Elf:1    | Reached skill level 20 in Shields
 29345 | Elf:1    | Got Latus's Compendium of Wanderlust
 29508 | Elf:1    | Got the Parchment of the Discharge and Command
 30186 | Swamp:1  | Entered Level 1 of the Swamp
 30200 | Swamp:1  | Reached XP level 17. HP: 151/160 MP: 18/18
 30235 | Swamp:1  | Found a large runed translucent door.
 30237 | Swamp:1  | Found a large runed translucent door.
 30424 | Swamp:1  | Received a gift from Okawaru
 31014 | Swamp:1  | Noticed laros's ghost (journeyman MiBe)
 31168 | Swamp:2  | Reached skill level 21 in Shields
 31383 | Swamp:2  | Reached skill level 10 in Dodging
 31776 | Swamp:2  | You are sucked into a shaft and drop 1 floor!
 32744 | Elf:2    | Noticed Agnes
 32759 | Elf:2    | Killed Agnes
 32784 | Elf:2    | Identified the +2 ring mail of Fallacy {rElec Stlth+}
                  | (Okawaru gifted it to you on level 2 of the Elven Halls)
 32784 | Elf:2    | Received a gift from Okawaru
 32877 | Elf:2    | Paralysed by an air elemental for 1 turns
 33280 | Elf:2    | Found a huge runed translucent gate.
 33280 | Elf:2    | Found a huge runed translucent gate.
 33280 | Elf:2    | Found a huge runed translucent gate.
 33280 | Elf:2    | Found a huge runed translucent gate.
 33280 | Elf:2    | Found a huge runed translucent gate.
 33438 | Elf:3    | Entered Level 3 of the Elven Halls
 33588 | Elf:3    | Noticed Bai Suzhen
 33618 | Elf:3    | Killed Bai Suzhen
 33767 | Elf:3    | Found Cegohuw's Book Emporium.
 33966 | Elf:3    | Found a portal to a secret trove of treasure.
 34462 | Elf:3    | You paid a toll of a +7 demon blade to enter a treasure
                  | trove
 34463 | Trove    | Entered a treasure trove
 34467 | Trove    | Identified the ring "Hyirgh" {rPois rF+ rC++ Str-5 Slay-5}
 34469 | Trove    | Identified the ring "Riodaoviha" {rPois rC+ Str+2}
 34471 | Trove    | Identified the ring "Maava" {rF+ Int+3}
 34483 | Trove    | Identified the ring of Lady Luck {Drain Fly rElec rPois
                  | Stlth+}
 34485 | Trove    | Identified the ring of Jaebb {Will+ rCorr Str+6 Int+3}
 34487 | Trove    | Identified the amulet of Pezef {Faith Int+2 Dex+4}
 34493 | Trove    | Identified the ring "Woclipp" {Will+ Int+2 SInv}
 34598 | Elf:3    | Noticed a deep elf master archer
 34631 | Elf:3    | Killed a deep elf master archer
 35162 | Elf:3    | Identified the +5 plate armour of Lifelessness {rPois rC+
                  | Stlth+}
 35162 | Elf:3    | Noticed a deep elf blademaster
 35168 | Elf:3    | Noticed a deep elf blademaster
 35168 | Elf:3    | Noticed a deep elf master archer
 35330 | Elf:3    | Killed a deep elf blademaster
 35898 | Elf:3    | Killed a deep elf blademaster
 35899 | Elf:3    | Reached skill level 22 in Shields
 35899 | Elf:3    | Reached XP level 18. HP: 150/171 MP: 18/20
 36207 | Elf:3    | Received a gift from Okawaru
 36212 | Elf:3    | Identified the +5 glaive of Lust {heavy, rCorr}
 36305 | Elf:3    | HP: 8/172 [balrug/divine providence[a deep elf
                  | demonologist] (14)]
 36703 | Elf:3    | Found the +8 Vampire's Tooth {megavamp}
 36705 | Elf:3    | Got the Tractate on Misery
 40809 | Snake:2  | Found Gaimer's Antique Armour Shoppe.
 40814 | Snake:2  | Bought a bronze scale mail for 243 gold pieces
 40814 | Snake:2  | Identified the +2 scale mail "Kinaj" {rPois Will+ Str+5
                  | Slay+2} (You bought it in a shop on level 2 of the Snake
                  | Pit)
 41657 | Snake:3  | Reached skill level 23 in Shields
 42383 | Snake:3  | Found Owick's Book Shop.
 42388 | Snake:3  | Found Kurehueff's Magic Scroll Shop.
 43439 | Snake:4  | Entered Level 4 of the Snake Pit
 43456 | Snake:4  | Noticed Kirke
 43470 | Snake:4  | Killed Kirke
 43986 | Snake:4  | Received a gift from Okawaru
 44643 | Snake:4  | Noticed Vashnia
 44698 | Snake:4  | Killed Vashnia
 44699 | Snake:4  | Reached XP level 19. HP: 141/181 MP: 21/21
 45022 | Snake:4  | HP: 8/181 [constriction (3)]
 45023 | Snake:4  | HP: 2/181 [constriction (4)]
 45028 | Snake:4  | Received a gift from Okawaru
 45668 | Snake:4  | Got a serpentine rune of Zot
 46542 | Swamp:4  | Entered Level 4 of the Swamp
 46542 | Swamp:4  | Noticed Nikola
 47028 | Swamp:3  | HP: 7/181 [Nikola/+3 rapier of electrocution (19)]
 47037 | Swamp:3  | Killed Nikola
 47586 | Swamp:4  | Noticed Mara
 47600 | Swamp:3  | Noticed Peloso's illusion
 47623 | Swamp:3  | Killed Mara
 47624 | Swamp:3  | Reached skill level 24 in Shields
 48055 | Swamp:4  | Identified the +1 falchion "Uvor" {venom, Will+++ Int+3
                  | Dex-5 SInv} (Okawaru gifted it to you on level 4 of the
                  | Swamp)
 48055 | Swamp:4  | Received a gift from Okawaru
 48624 | Swamp:4  | Got a decaying rune of Zot
 49067 | Vaults:1 | Entered Level 1 of the Vaults
 49401 | Vaults:1 | Identified the +0 hat "Arepofuo" {rElec rF+} (Okawaru
                  | gifted it to you on level 1 of the Vaults)
 49401 | Vaults:1 | Received a gift from Okawaru
 50620 | Vaults:1 | Found a runed translucent gate.
 50620 | Vaults:1 | Found a runed translucent gate.
 50620 | Vaults:1 | Found a runed translucent gate.
 50620 | Vaults:1 | Noticed abarbat's ghost (adept MiBe)
 50627 | Vaults:1 | Found a viscous altar of Jiyva.
 50696 | Vaults:1 | Acquired 1004 gold pieces
 50984 | Vaults:1 | Reached skill level 25 in Shields
 50984 | Vaults:1 | Reached XP level 20. HP: 193/193 MP: 22/22
 51643 | Vaults:2 | Found a staircase to the Crypt.
 52296 | Vaults:2 | Identified the +7 long sword "Lecoasur" {freeze, rF+ rC+
                  | Will+} (Okawaru gifted it to you on level 2 of the Vaults)
 52296 | Vaults:2 | Received a gift from Okawaru
 53317 | Vaults:2 | Found a runed translucent door.
 53809 | Vaults:2 | Identified the +11 scimitar of Okawaru's Hatred {holy,
                  | rN+++ Dex-4 SInv Stlth-} (Okawaru gifted it to you on level
                  | 2 of the Vaults)
 53809 | Vaults:2 | Received a gift from Okawaru
 54699 | Vaults:3 | Reached skill level 26 in Shields
 54838 | Vaults:3 | Received a gift from Okawaru
 55880 | Vaults:4 | Identified the +2 trident of Anguish {venom, *Corrode rElec
                  | rF- Int+8} (Okawaru gifted it to you on level 4 of the
                  | Vaults)
 55880 | Vaults:4 | Received a gift from Okawaru
 55883 | Vaults:4 | Killed from afar by an ironbound frostheart

Illustrated notes

Levels and vault maps discovered:
D:1:      tarquinn_simple_flora_water_e, layout_basic, chequers_big_river,
          chequers_serial_rivers_small_a, nicolae_shop_vocational
D:2:      layout_loops_ring
D:3:      layout_basic, mainiacjoe_overflow_catwalk,
          nicolae_overflow_ecumenical_swirl, dreamdust_ecumenical_altar_grove,
          st_stairs_10
D:4:      layout_rooms, ebering_ghost_disaster_area, minmay_quadrilaterals
D:5:      layout_cave_pods, amcnicky_mini_pool_small, uniq_ijyb
D:6:      lemuel_slime, layout_layer_cave, kennysheep_mini,
          minmay_temple_entry_sparse_star
D:7:      layout_basic, jmf_multi_god_temple2, gammafunk_ghost_gnarly_gnolls,
          roderic_malta_cross
D:8:      layout_basic, enter_bailey_8, minmay_shop_grid_forest, st_stairs_11
D:9:      minmay_the_grid_triangle_9x9_rhombus_thin
          [minmay_the_grid_triangle_9x9_pentomino_pain,
          minmay_the_grid_triangle_9x9_prize_insulated,
          minmay_the_grid_triangle_9x9_limited_checkers,
          minmay_the_grid_triangle_9x9_skeleton], layout_grid_maze,
          ebering_ghost_disaster_area, minmay_misc_feat_more_columns
D:10:     layout_irregular_city, nicolae_ashenzari_skybound, erik_lair_island,
          serial_column_ruins, column_ruins_square_medium,
          column_ruins_square_large, column_ruins_open_tiny,
          column_ruins_columns_corner, column_ruins_grid_1,
          column_ruins_corridor_dead_end, column_ruins_columns_corner,
          column_ruins_open_medium, column_ruins_open_tiny,
          nicolae_figureground_pulse
D:11:     layout_grid_maze, hiddenorc2_lemuel
D:12:     layout_cave_pools, chequers_serial_rivers_room_b,
          grunt_decor_one_mirror
D:13:     layout_small_grid, skrybe_vaults_entry_preservation, uniq_jorgrun,
          uniq_lodul
D:14:     layout_irregular_city, chequers_mini_garden
D:15:     grunt_enter_depths_giant_problem, layout_rooms,
          portal_ice_cave_entry_pillars_three
Temple:   eino_temple_scatter_basement
Lair:1:   dragon1_lemuel, layout_gridlike, chequers_serial_rivers_small_b,
          infiniplex_staircase_pool
Lair:2:   layout_chaotic_city, dummy_snake_entry, grunt_forest_large_clearings,
          grunt_megastairs_3, lemuel_fruit_tree
Lair:3:   layout_chaotic_city, minmay_swamp_entry_reptiles, grunt_megastairs_1,
          uniq_urug, uniq_nergalle
Lair:4:   layout_regular_city, nicolae_slime_entry_slimehenge,
          grunt_megastairs_4, uniq_nessos
Lair:5:   minmay_lair_end_enchanted_forest, layout_gridlike,
          small_statue_intersection, grunt_megastairs_2
Swamp:1:  layout_basic_swamp, ebering_ghost_disaster_area,
          evilmike_swamp_ruin_rubble_1, swamp_pool1,
          nicolae_swamp_hydra_murder_den
Swamp:2:  layout_basic_swamp, hangedman_swamp_ruin_wall, swamp_pool4,
          hangedman_swamp_blocks, worms_lemuel
Swamp:3:  layout_basic_swamp, evilmike_swamp_ruin_house_2,
          infiniplex_staircase_pool_2
Swamp:4:  swamp_basic_johnstein, layout_basic_swamp, uniq_nikola, uniq_mara
Snake:1:  layout_onion_interference, serial_bayou_lagoon_a,
          nicolae_snake_gridmaze_tees, hellmonk_scale_shop, uniq_aizul
Snake:2:  layout_honeycomb, serial_shops, shop
Snake:3:  layout_chambers, nicolae_snake_the_dead_are_slithering,
          minmay_shop_star
Snake:4:  johnstein_snake_rune_scales, layout_chambers, uniq_kirke
Orc:1:    cheibrodos_orc_guarddog, layout_caves, mines1_david
Orc:2:    st_orc_town, layout_diamond_mine, hellmonk_ghost_happy_afterlife
Elf:1:    elf_arrival_002, layout_geoelf_diagonals, basic_altar,
          minmay_elf_sorcery, st_stairs_5, hangedman_research_quantum
Elf:2:    elven_hall_of_blades_hangedman_alternative [nicolae_blade_bullseye],
          layout_onion_city, uniq_agnes
Elf:3:    minmay_elf_hall, layout_rooms, serial_shops,
          nicolae_shop_behind_doors, nicolae_trove_entry_columns,
          uniq_bai_suzhen
Vaults:1: gammafunk_ghost_ooze, dpeg_vaults_monster_row,
          nicolae_vaults_storage_closets_3, nicolae_vaults_little_ls,
          hangedman_vaults_slice, nicolae_vaults_border_crossing,
          layout_vaults_big_room
Vaults:2: v_misc_28, nicolae_vaults_steering_wheel, vaults_dpeg_encased_lava,
          vaults_mumra_hexcomb, nicolae_vaults_trapezoid_4,
          nicolae_vaults_ring_of_whatevers, v_alt_pattern_2,
          nicolae_vaults_diagonal_hallway_8, vaults_mumra_lcd,
          nicolae_vaults_windows_and_doors_thing,
          nicolae_vaults_storage_room_glass, vaults_room_semicircle,
          nicolae_vaults_oozy_zoo, layout_vaults_ring,
          minmay_crypt_entry_simple_corners
Vaults:3: nicolae_vaults_swerve, hangedman_vaults_river_flow,
          nicolae_vaults_little_squares_1, grunt_vaults_twisty,
          vaults_room_grid, nicolae_vaults_turnstiles,
          nicolae_vaults_network_quinsquares
          [nicolae_vaults_network_quincunx_subvault,
          nicolae_vaults_network_quincunx_subvault,
          nicolae_vaults_network_quincunx_subvault,
          nicolae_vaults_network_quincunx_subvault],
          nicolae_vaults_inception_statues, nicolae_vaults_layer_cake_slice,
          layout_vaults_omnibox
Vaults:4: ontoclasm_vaults_ring_small, nicolae_vaults_theta,
          hangedman_vaults_capsules, nicolae_vaults_tetromino_L_2,
          nicolae_vaults_house_3, ontoclasm_vaults_decontamination,
          layout_vaults_quadrants

Skill      XL: |  1  2  3  4  5  6  7  8  9 10 11 12 13 14 15 16 17 18 19 20 |
---------------+-------------------------------------------------------------+-----
Armour         | 4 5 6 7 8 9 11 12 13 14 15 16 17 18 19 | 19.0
Fighting       | 4 5 6 8 9 10 12 13 14 15 16 17 18 19 20 | 20.7
Shields        | 4 5 6 8 10 12 14 17 18 20 22 23 25 26 | 26.2
Long Blades    | 3 4 5 6 9 11 13 14 15 16 17 18 19 20 21 | 21.1
Dodging        | 1 2 3 4 5 7 8 9 10 | 10.8
Evocations     | 1 2 |  2.2
Invocations    | 1 2 3 4 |  4.3
Stealth        | 1 4 |  4.1
Polearms       | 1 2 |  2.4

Action                     |  1- 3 |  4- 6 |  7- 9 | 10-12 | 13-15 | 16-18 | 19-21 || total
---------------------------+-------+-------+-------+-------+-------+-------+-------++-------
  Melee: Long sword        |    79 |   138 |   319 |   696 |  1673 |       |       ||  2905
         Headbutt          |    12 |    20 |    65 |   160 |   503 |   360 |   237 ||  1357
         Spear             |       |       |       |       |    38 |       |       ||    38
         Scimitar          |       |       |       |       |   199 |  1302 |    82 ||  1583
         Double sword      |       |       |       |       |       |       |   737 ||   737
 Invoke: Heroism           |       |       |     8 |    14 |    24 |     9 |     5 ||    60
  Evoke: Wand              |       |       |     3 |    12 |     3 |     8 |       ||    26
    Use: Potion            |     1 |       |     1 |     4 |     1 |     8 |     9 ||    24
         Scroll            |       |     4 |     8 |    10 |     6 |    15 |    11 ||    54
   Stab: Petrified         |       |       |       |       |    24 |       |       ||    24
         Distracted        |       |       |       |       |       |     1 |       ||     1
         Sleeping          |       |       |       |       |       |     1 |       ||     1
 Armour: Scale mail        |    52 |       |       |       |       |       |       ||    52
         Chain mail        |       |    61 |   184 |   501 |  1124 |   360 |       ||  2230
         Plate armour      |       |       |       |       |       |   186 |   621 ||   807
  Dodge: Dodged            |    54 |    54 |   131 |   324 |   837 |   609 |   582 ||  2591
  Block: Buckler           |    29 |    41 |   122 |   169 |       |       |       ||   361
         Kite shield       |       |       |       |   389 |  1710 |  1306 |  1124 ||  4529
